 Dungeon Crawl Stone Soup version 0.29-a0-341-g24ffce5b50 (webtiles) character file.

Game seed: 2426630340133453010

81 ultragoat the Skirmisher (level 4, -1/41 HPs)
             Began as a Minotaur Chaos Knight on Apr 21, 2022.
             Was a Plaything of Xom.
             Slain by Natasha (8 damage)
             ... on level 2 of the Dungeon.
             The game lasted 00:04:06 (741 turns).

ultragoat the Skirmisher (Minotaur Chaos Knight)     Turns: 741, Time: 00:04:06

Health: -1/41      AC:  3    Str: 18    XL:     4   Next: 19%
Magic:  3/3        EV: 11    Int:  7    God:    Xom [..*...]
Gold:   44         SH:  0    Dex: 10    Spells: 3/3 levels left

rFire   . . .      SeeInvis .   a - +0 hand axe (chaos)
rCold   . . .      Faith    .   (no shield)
rNeg    . . .      Spirit   .   b - +2 leather armour
rPois   .          Reflect  .   (helmet restricted)
rElec   .          Harm     .   (no cloak)
rCorr   .          Rampage  .   (no gloves)
Will    .....                   (no boots)
Stlth   +.........              (no amulet)
HPRegen 0.13/turn               (no ring)
MPRegen 0.08/turn               (no ring)

@: slowed, very slow
A: horns 2, retaliatory headbutt, claws 1, deformed body, dopey 1
a: Renounce Religion


You were on level 2 of the Dungeon.
You worshipped Xom.
You were a toy of Xom.
You visited 1 branch of the dungeon, and saw 2 of its levels.

You collected 44 gold pieces.

Inventory:

Hand Weapons
 a - a +0 hand axe of chaos (weapon)
Missiles
 f - 5 javelins
Armour
 b - a +2 leather armour (worn)
Scrolls
 d - 2 scrolls of enchant armour {unknown}
 e - a scroll of identify {unknown}
 g - a scroll of teleportation {unknown}
Miscellaneous
 c - a piece from Xom's chessboard (14/15) (quivered)


   Skills:
 + Level 4.7 Fighting
 + Level 4.7 Axes
 + Level 3.1 Armour
 + Level 1.5 Dodging


You had 3 spell levels left.
You didn't know any spells.
Your spell library was empty.

Dungeon Overview and Level Annotations

Branches:
Dungeon (2/15)

Altars:

Shops:
D:1 (((*

Annotations:
D:2 Natasha


Innate Abilities, Weirdness & Mutations

You have a pair of horns on your head.
You reflexively headbutt those who attack you in melee.
You have sharp fingernails.
Armour fits poorly on your strangely shaped body.
You are dopey. (Int -2)


Message History

You closely miss the kobold.
The kobold is moderately wounded.
The kobold hits you with a +0 club.
You hit the kobold.
You kill the kobold!
You now have 44 gold pieces (gained 11).
You see here a +0 club.
You see here a rat corpse.
h - a coppery potion You see here a +0 short sword.
You see here a +0 short sword.
It was a potion of mutation.
You feel extremely strange.
Your body twists and deforms.
You feel stupid.
Xom is highly amused!
Your fingernails lengthen.
You see here a +0 short sword.
Xom makes a sudden noise!
You hear a twanging sound.
You hear an angry hiss.
Natasha, Servant of Life and Death comes into view.
She is carrying a wand of flame (18).
Natasha casts a spell at you.
You feel yourself slow down.
Okay, then.
Natasha stares at you and mumbles some strange words.
The magic dart hits you.
Natasha zaps a wand.
The puff of flame misses you.
Natasha zaps a wand.
The puff of flame hits you!
You make a move on Xom's chessboard...
Natasha falls asleep!
Unknown command.
Found a scroll labelled XIGIAG LAQYPT.
Natasha hisses angrily.
Natasha zaps a wand.
The puff of flame hits you. Natasha barely misses you.
You closely miss Natasha. Natasha claws you!
* * * LOW HITPOINT WARNING * * *
Natasha claws you.
* * * LOW HITPOINT WARNING * * *
You aren't carrying any potions.
Okay, then.
You miss Natasha. Natasha claws you!
You die...
Xom giggles madly!

........####........
###.....)..#........ #
#.....†#..#....# ####
*###...).#.#....# #...#
##....#...#....## ...?.
.#.###..........##......
...##............#......
#..##...................
*...#...........@h......
.#..............#......
##.###...##...#.. .....
# #### #######. .... #.
... #. .. ## .


You could see Natasha.

Vanquished Creatures
  Terence (D:2)
  Natasha (D:2)
  An adder (D:2)
  2 ball pythons (D:1)
  A giant cockroach (D:1)
  3 goblins
  3 hobgoblins
  A quokka (D:1)
  2 bats
  A frilled lizard (D:2)
  6 kobolds
  2 rats
24 creatures vanquished.

Notes
Turn   | Place    | Note
-------+----------+-------------------------------------------
     0 | D:1      | ultragoat the Minotaur Chaos Knight began the quest for the
                  | Orb.
     0 | D:1      | Reached XP level 1. HP: 19/19 MP: 0/0
    84 | D:1      | Found Heji's General Store.
   119 | D:1      | Found Arghamm's Weapon Boutique.
   160 | D:1      | Reached XP level 2. HP: 26/27 MP: 1/1
   219 | D:1      | Found Naban's General Store.
   357 | D:1      | Found Gumyps's Antique Weapon Emporium.
   359 | D:1      | Found Cauxitor's Weapon Shop.
   581 | D:2      | Noticed Natasha
   583 | D:2      | Noticed Terence
   583 | D:2      | XOM: divination: magic mapping
   591 | D:2      | Noticed a crimson imp
   605 | D:2      | Killed Terence
   606 | D:2      | Reached XP level 3. HP: 26/34 MP: 2/2
   606 | D:2      | Killed Natasha
   607 | D:2      | Reached XP level 4. HP: 31/41 MP: 3/3
   654 | D:2      | Gained mutation: Armour fits poorly on your strangely
                  | shaped body. [potion of mutation]
   654 | D:2      | Gained mutation: You are dopey. (Int -2) [potion of
                  | mutation]
   654 | D:2      | Gained mutation: You have sharp fingernails. [potion of
                  | mutation]
   731 | D:2      | XOM: noise
   733 | D:2      | Noticed Natasha
   741 | D:2      | Slain by Natasha

Illustrated notes

Levels and vault maps discovered:
D:1:      roderic_chinese_lattice_arrival, layout_rooms, serial_shops, shop,
          shop, nicolae_shop_hallway_plus, shop, shop
D:2:      layout_rooms, hellmonk_ecumenical_altar_zigzags,
          minmay_misc_feat_five, uniq_terence, uniq_sigmund, uniq_natasha

Skill      XL: |  1  2 |
---------------+-------+-----
Fighting       | 4 |  4.7
Axes           | 4 |  4.7
Armour         | 3 |  3.1
Dodging        | |  1.5

Action                   |  1- 3 |  4- 6 || total
-------------------------+-------+-------++-------
Melee: Hand axe          |    30 |    12 ||    42
       Headbutt          |     6 |     1 ||     7
Evoke: Piece from Xom's  |     1 |     1 ||     2
  Use: Potion            |     1 |     1 ||     2
Armor: Leather armour    |    10 |     6 ||    16
Dodge: Dodged            |    24 |     3 ||    27

Table legend: (Time is in decaauts)
 A = Elapsed time spent in this place.
 B = Non-inter-level travel time spent in this place.
 C = Inter-level travel time spent in this place.
 D = Time resting spent in this place.
 E = Time spent auto-exploring this place.
 F = Levels seen in this place.
 G = Mean time per level.
                   A        B        C        D        E       F      G
               +--------+--------+--------+--------+--------+-----+--------+
         Total |    747 |    719 |     28 |      0 |    379 |   2 |  373.5 |
       Dungeon |    747 |    719 |     28 |      0 |    379 |   2 |  373.5 |
               +--------+--------+--------+--------+--------+-----+--------+

Top non-repeatable levels by time:
     D:1: 563 daAuts
     D:2: 184 daAuts
